 Dungeon Crawl Stone Soup version 0.29.1-13-g9f3cf754e1 (webtiles) character file.

Game seed: 1312809874708261863

427 Gabide the Cudgeller (level 7, -8/56 HPs)
             Began as a Formicid Berserker on Jan 20, 2023.
             Was a Believer of Trog.
             Mangled by an ogre
             ... wielding a +0 giant spiked club
              (22 damage)
             ... on level 4 of the Dungeon.
             The game lasted 00:04:33 (4189 turns).

Gabide the Cudgeller (Formicid Berserker)           Turns: 4189, Time: 00:04:34

Health: -8/56      AC:  7    Str: 23    XL:     7   Next: 18%
Magic:  7/7        EV: 12    Int:  7    God:    Trog [**....]
Gold:   155        SH:  0    Dex: 13    Spells: 6/6 levels left

rFire   . . .      SeeInvis +   a - +0 mace
rCold   . . .      Faith    .   (no shield)
rNeg    . . .      Spirit   .   s - +0 ring mail
rPois   .          Reflect  .   (helmet unavailable)
rElec   .          Harm     .   p - +0 cloak
rCorr   .          Rampage  .   (no gloves)
Will    .....                   h - +0 pair of boots
Stlth   +.........              (no amulet)
HPRegen 0.18/turn               f - ring of flight
MPRegen 0.10/turn               (no ring)

@: flying
A: permanent stasis, dig shafts and tunnels, antennae 3, four strong arms
a: Dig, Shaft Self, Renounce Religion, Trog's Hand


You were on level 4 of the Dungeon.
You worshipped Trog.
Trog was pleased with you.
You visited 1 branch of the dungeon, and saw 4 of its levels.

You collected 155 gold pieces.

Inventory:

Hand Weapons
 a - a +0 mace (weapon)
Missiles
 k - 5 javelins (quivered)
Armour
 h - a +0 pair of boots (worn)
 p - a +0 cloak (worn)
 s - a +0 ring mail (worn)
Jewellery
 f - a ring of flight (left hand)
Wands
 n - a wand of polymorph (8)
Scrolls
 c - a scroll of noise {unknown}
 e - a scroll of blinking {unknown}
 g - a scroll of enchant weapon {unknown}
 l - 3 scrolls of magic mapping {unknown}
 m - 3 scrolls of silence {unknown}
 o - a scroll of enchant armour {unknown}
 r - a scroll of immolation {unknown}
Potions
 b - a potion of lignification {unknown}
 i - 2 potions of curing
 j - a potion of flight {unknown}
 q - a potion of might {unknown}
 t - a potion of magic {unknown}


   Skills:
 + Level 5.0 Fighting
 * Level 5.7 Maces & Flails
 - Level 2.1 Armour
 + Level 3.5 Dodging


You had 6 spell levels left.
You didn't know any spells.
Your spell library was empty.

Dungeon Overview and Level Annotations

Branches:
Dungeon (4/15)
 Temple: D:4-7

Altars:

Annotations:
D:4 1 runed translucent door, DoIIoM's ghost, amateur OpFE


Innate Abilities, Weirdness & Mutations

You cannot be hasted, slowed, berserked, paralysed or teleported.
You can dig through walls and to a lower floor.
You have a pair of large antennae on your head. (SInv)
Your four strong arms can wield two-handed weapons with a shield.


Message History

You are too injured to fight recklessly!
You are too injured to fight recklessly!
You are too injured to fight recklessly!
You are too injured to fight recklessly!
You are too injured to fight recklessly!
You are too injured to fight recklessly!
You are too injured to fight recklessly!
You are too injured to fight recklessly!
You are too injured to fight recklessly!
You are too injured to fight recklessly!
You see here a +0 plate armour.
Aiming: Polymorph
Press: ? - help, Shift-Dir - straight line, f - ogre
Aim: an ogre, wielding a +0 giant spiked club (heavily wounded, will become a bullfrog, a boggart, or a sky beast, chance to affect: 49%)
Okay, then.
Unknown command.
Unknown command.
You feel much better.
You hit the ogre but do no damage.
The ogre is heavily wounded.
The ogre barely misses you.
You hit the ogre.
The ogre is severely wounded.
The ogre barely misses you.
You barely miss the ogre.
The ogre is severely wounded.
The ogre barely misses you.
You hit the ogre but do no damage.
The ogre is severely wounded.
You hit the ogre but do no damage.
The ogre is severely wounded.
The ogre hits you with a +0 giant spiked club!!
You closely miss the ogre.
The ogre is severely wounded.
The ogre hits you with a +0 giant spiked club!
* * * LOW HITPOINT WARNING * * *
You completely miss the ogre.
The ogre is severely wounded.
The ogre hits you with a +0 giant spiked club!!
You die...

#.# #.#
#.# #.#
#.# #.#
#.# #.#
#@# #O#
#.########
#.........
##########


You could see an ogre.

Vanquished Creatures
  Sigmund (D:2)
  A scorpion (D:4)
  A howler monkey (D:4)
  Jessica (D:2)
  An iguana (D:4)
  2 adders
  3 gnolls (D:4)
  2 worms
  4 orcs
  5 ball pythons
  4 endoplasms
  A giant cockroach (D:1)
  4 goblins
  6 hobgoblins (D:3)
  5 kobolds
  2 quokkas
  5 bats
  7 frilled lizards
  2 rats
57 creatures vanquished.

Notes
Turn   | Place    | Note
-------+----------+-------------------------------------------
     0 | D:1      | Gabide the Formicid Berserker began the quest for the Orb.
     0 | D:1      | Reached XP level 1. HP: 18/18 MP: 1/1
   442 | D:1      | Reached XP level 2. HP: 24/24 MP: 2/2
   768 | D:2      | HP: 1/24 [worm (8)]
  1329 | D:2      | Reached XP level 3. HP: 22/29 MP: 3/3
  1437 | D:2      | Noticed Jessica
  1446 | D:2      | Killed Jessica
  1738 | D:2      | Reached XP level 4. HP: 28/37 MP: 4/4
  2146 | D:2      | Noticed Sigmund
  2166 | D:2      | Killed Sigmund
  2167 | D:2      | Reached skill level 5 in Maces & Flails
  2167 | D:2      | Reached XP level 5. HP: 22/43 MP: 5/5
  2167 | D:2      | Reached XP level 6. HP: 25/49 MP: 6/6
  2778 | D:3      | Reached ** piety under Trog
  3093 | D:3      | Found a faded altar of an unknown god.
  3374 | D:4      | Found a runed translucent door.
  3377 | D:4      | Noticed DoIIoM's ghost (amateur OpFE)
  4092 | D:4      | Reached skill level 5 in Fighting
  4092 | D:4      | Reached XP level 7. HP: 53/56 MP: 7/7
  4189 | D:4      | Mangled by an ogre

Illustrated notes

Levels and vault maps discovered:
D:1:      wander_arrival_lonely_grave, layout_basic, roderic_malta_cross
D:2:      layout_basic, uniq_crazy_yiuf_cottage, uniq_sigmund, uniq_jessica
D:3:      layout_basic, hellmonk_ecumenical_altar_lost_god
D:4:      layout_basic, hellmonk_ghost_happy_afterlife

Skill      XL: |  1  2  3  4  5  6 |
---------------+-------------------+-----
Dodging        | 2 3 |  3.5
Maces & Flails | 5 |  5.7
Fighting       | 4 5 |  5.0
Armour         | |  2.1

Action                   |  1- 3 |  4- 6 |  7- 9 || total
-------------------------+-------+-------+-------++-------
Melee: Mace              |    58 |   117 |    12 ||   187
       Punch             |     2 |     1 |       ||     3
Throw: Javelin           |       |    14 |     3 ||    17
  Use: Potion            |       |     1 |     1 ||     2
       Scroll            |       |     2 |       ||     2
Armor: Animal skin       |    13 |     3 |       ||    16
       Scale mail        |       |    26 |       ||    26
       Ring mail         |       |    10 |     1 ||    11
Dodge: Dodged            |    34 |    88 |     5 ||   127
